cohdb
Replays
Latest Replays
All Replays
Popular Replays
Top Player Replays
Match Explorer
How It Works
Community
CoH3 Stats
Reddit
Sign in to upload your games and track your stats! →
Sign in with Steam
Match 41182827
Unlisted
Match 41182827
Overview
Messages
Build Orders
End
Construct Infanterie Kompanie
Selects Terror Battlegroup
Grenadier Squad
Grenadier Squad
Grenadier Squad
Construct Panzergrenadier Kompanie
Selects Contempt for the Weak
251 Medium Carrier
Panzergrenadier Squad
Support Elements
Pak 40 Anti-tank Gun Team
Medical Station
StuG III G Assault Gun
Panzergrenadier Officer Quarters
Selects Heavy Gunnery
Selects Defend the Fatherland
StuG III G Assault Gun
Panzergrenadier Squad
Side Skirts
StuG III G Assault Gun
Mr Freemon
--==[ ZaiS ]==--
Я3'CYCLOPZ
godsarmylds
[TRTL]LittleDADDY96
BMO COLOR
0
0
Comments
sign in to comment!
No comments posted yet!